 Dungeon Crawl Stone Soup version 0.16-a0-1120-gd281f79 (webtiles) character file.

28 Ololoev the Vexing (level 3, -2/16 HPs)
             Began as a Vine Stalker Enchanter on Oct 6, 2014.
             Slain by a gnoll
             ... wielding a +0 halberd
              (6 damage)
             ... on level 2 of the Dungeon.
             The game lasted 00:04:50 (955 turns).

Ololoev the Vexing (Vine Stalker Enchanter)          Turns: 955, Time: 00:04:50

Health: -2/16      AC:  3    Str: 11    XL:     3   Next: 14%
Magic:  0/7        EV: 12    Int: 15    God:
Gold:   44         SH:  0    Dex: 14    Spells: 2 memorised, 4 levels left

rFire  . . .     SeeInvis .     a - +1 dagger
rCold  . . .     Clarity  .     b - +1 robe
rNeg   . . .     SustAb   .     (no shield)
rPois  +         Gourm    .     (no helmet)
rElec  .         Spirit   +     (no cloak)
rCorr  .         Warding  .     (no gloves)
rMut   .         Stasis   .     (no boots)
MR     .....                    (no amulet)
Stlth  ++........               (no ring)
                                i - ring of poison resistance

@: not resistant to hostile enchantments, unstealthy
A: fangs 2, regeneration 1, magic shield, antimagic bite, no device heal 3, rot
immunity
a: no special abilities


You were on level 2 of the Dungeon.
You were not hungry.

You visited 1 branch of the dungeon, and saw 2 of its levels.

You collected 44 gold pieces.

Inventory:

Hand weapons
 a - a +1 dagger (weapon)
Missiles
 h - 4 needles of sleeping
Armour
 b - a +1 robe (worn)
Comestibles
 d - a bread ration
 o - a meat ration
Scrolls
 e - a scroll of magic mapping {unknown}
 f - a scroll of enchant armour {unknown}
 g - 2 scrolls of identify {unknown}
 j - a scroll of teleportation {unknown}
 k - a scroll of fear {unknown}
 l - a scroll of enchant weapon {unknown}
 m - a scroll of recharging {unknown}
 p - a scroll of remove curse {unknown}
Jewellery
 i - a ring of poison resistance (left hand)
Potions
 n - a potion of cure mutation {unknown}
Books
 c - a book of Maledictions

   Spells                             Type                      Level
   *Corona                            Hexes                        1
   Sure Blade                         Hexes/Charms                 2
   *Ensorcelled Hibernation           Hexes/Ice                    2
   Confuse                            Hexes                        3
   Dazzling Spray                     Conjuration/Hexes            3
   Enslavement                        Hexes                        4


   Skills:
 - Level 0.8 Short Blades
 - Level 1.5 Dodging
 + Level 3.7 Stealth
 + Level 2.5 Spellcasting
 * Level 3.9 Hexes


You had 4 spell levels left.
You knew the following spells:

 Your Spells              Type           Power        Failure   Level  Hunger
a - Corona                Hex            ##.....      4%          1    #......
b - Ensorcelled Hibernat  Hex/Ice        #.....       14%         2    ##.....


Dungeon Overview and Level Annotations

Branches:
Dungeon (2/15)

Altars:


Innate Abilities, Weirdness & Mutations

You have extremely sharp teeth.
Your natural rate of healing is unusually fast.
When hurt, damage is shared between your health and your magic reserves.
Your bite disrupts and absorbs the magic of your enemies.
Potions and wands cannot restore your health.
You are immune to rotting.


Message History

You hit the rat.
The rat is severely wounded.
The gnoll barely misses you. The rat bites you but does no damage.
You hit the rat but do no damage. Your bite misses the rat.
The rat is severely wounded.
The rat barely misses you.
The gnoll hits you from afar with a spear.
You hit the rat.
You kill the rat!
The gnoll closely misses you.
Casting: Ensorcelled Hibernation
Confirm with . or Enter, or press ? or * to list all spells.
Aiming: Ensorcelled Hibernation
Press: ? - help, Shift-Dir - straight line, f/p - gnoll
Aim: a gnoll, wielding a halberd The gnoll looks drowsy...
The gnoll hits you with a spear.
* * * LOW HITPOINT WARNING * * *
The gnoll hits you from afar with a halberd.
You die...

#............#
#.........#..#
...######.#...#
#.#.#.# ##.g.##
##g## #g# #g# #@#
#.#
################.#
#.%..............#
..################
###


You could see 4 gnolls.

Vanquished Creatures
  A giant gecko (D:1)
  2 giant cockroaches (D:1)
  4 jackals (D:1)
  A kobold (D:1)
  A quokka (D:2)
  7 bats
  A giant newt (D:2)
  5 goblins
  4 rats
26 creatures vanquished.

Notes
Turn   | Place    | Note
--------------------------------------------------------------
     0 | D:1      | Ololoev, the Vine Stalker Enchanter, began the quest for the Orb.
     0 | D:1      | Reached XP level 1. HP: 9/9 MP: 3/3
   378 | D:1      | Reached XP level 2. HP: 13/13 MP: 0/5
   401 | D:1      | Learned a level 2 spell: Ensorcelled Hibernation
   886 | D:2      | Reached XP level 3. HP: 16/16 MP: 7/7
   955 | D:2      | Slain by a gnoll

Action                   || total
-------------------------++-------
Melee: Dagger            ||    91
 Cast: Corona            ||     1
       Ensorcelled Hiber ||     1
 Stab: Sleeping          ||     2
